 Dungeon Crawl Stone Soup version 0.24.0-13-gcf9b319 (webtiles) character file.

Game seed: 10163127033101561925, levelgen mode: deterministic

3488 Bronimir the Stinger (level 10, -3/81 HPs)
             Began as a Naga Venom Mage on Apr 4, 2020.
             Was a Follower of Kikubaaqudgha.
             Slain by a spiny frog (14 damage)
             ... on level 1 of the Lair of Beasts.
             The game lasted 00:40:51 (12941 turns).

Bronimir the Stinger (Naga Venom Mage)             Turns: 12941, Time: 00:40:51

Health: -3/81      AC:  8    Str: 12    XL:     10   Next: 7%
Magic:  9/16       EV: 11    Int: 20    God:    Kikubaaqudgha [*.....]
Gold:   343        SH:  0    Dex: 12    Spells: 2/18 levels left

rFire    + . .     SeeInvis +   a - +0 quarterstaff (protect)
rCold    . . .     Gourm    .   (shield currently unavailable)
rNeg     . . .     Faith    .   N - +1 robe {MR+}
rPois    +         Spirit   .   (no helmet)
rElec    .         Reflect  .   (no cloak)
rCorr    .         Harm     .   m - +0 pair of gloves
MR       ++...                  (no barding)
Stlth    ++........             r - amulet of the acrobat
HPRegen  0.23/turn              C - +3 ring of intelligence
MPRegen  0.15/turn              u - ring of protection from fire

@: short of breath, very slightly contaminated, very slow
A: large, slimy green scales 1, see invisible, deformed body, poison resistance,
slowness 2, slow metabolism 1, spit poison 1, AC +3
a: Spit Poison, Receive Corpses, Renounce Religion


You were on level 1 of the Lair of Beasts.
You worshipped Kikubaaqudgha.
Kikubaaqudgha was aware of your devotion.
You were very hungry.

You visited 2 branches of the dungeon, and saw 10 of its levels.
You also visited: Sewer.

You collected 357 gold pieces.
You spent 14 gold pieces at shops.

Inventory:

Hand Weapons
 a - a +0 quarterstaff of protection (weapon)
 b - a +0 shortbow
 T - a +0 hand crossbow
Missiles
 h - 56 poisoned darts (quivered)
 i - 97 arrows
 B - 74 bolts
Armour
 g - a +1 leather armour
 m - a +0 pair of gloves (worn)
 M - a +0 shield
 N - a +1 robe of magic resistance (worn)
Jewellery
 r - an amulet of the acrobat (around neck)
 u - a ring of protection from fire (right hand)
 C - a +3 ring of intelligence (left hand)
Wands
 w - a wand of scattershot (1)
 E - a wand of digging (3)
 J - a wand of enslavement (5)
 R - a wand of flame (18)
Scrolls
 d - 6 scrolls of magic mapping
 n - 4 scrolls of fog
 p - 3 scrolls of identify
 q - 6 scrolls of remove curse
 v - a scroll of enchant armour
 A - 2 scrolls of teleportation
Potions
 o - 2 potions of brilliance
 t - a potion of agility
 x - 2 potions of magic
 z - 3 potions of might
 F - a potion of ambrosia {unknown}
 I - a potion of lignification {unknown}
 L - a potion of flight {unknown}
 O - a potion of curing
Comestibles
 c - 14 rations
 f - a chunk of flesh


   Skills:
 + Level 2.6 Fighting
   Level 4.9(5.3) Polearms
 + Level 3.0(4.4) Staves
   Level 1.0 Slings
 * Level 3.2 Bows
 * Level 4.1 Armour
 + Level 3.1 Dodging
 - Level 3.1 Stealth
 + Level 4.5 Spellcasting
 + Level 4.3 Conjurations
 * Level 1.3 Hexes
 * Level 1.6 Necromancy
 + Level 7.6 Poison Magic
 * Level 4.4 Evocations


You had 2 spell levels left.
You knew the following spells:

 Your Spells              Type           Power        Failure   Level  Hunger
a - Sting                 Conj/Pois      ####         1%          1    None
b - Poisonous Vapours     Pois/Air       ###...       3%          2    #......
c - Mephitic Cloud        Conj/Pois/Air  ###.....     7%          3    ##.....
d - Olgreb's Toxic Radia  Pois           #####...     5%          4    ####...
e - Pain                  Necr           ##..         6%          1    None
f - Animate Skeleton      Necr           N/A          6%          1    None
g - Regeneration          Chrm/Necr      #.........   26%         3    ##.....
h - Confusing Touch       Hex            #.....       7%          1    None

Your spell library contained the following spells:

 Spells                   Type           Power        Failure   Level  Hunger
 Corpse Rot               Necr           N/A          10%         2    #......
 Sublimation of Blood     Necr           ##........   10%         2    #......
 Apportation              Tloc           #.....       12%         1    None
 Summon Small Mammal      Summ           #...         12%         1    None
 Venom Bolt               Conj/Pois      ####......   28%         5    ######.


Dungeon Overview and Level Annotations

Branches:
Dungeon (9/15)             Temple (0/1) D:7            Lair (1/6) D:8
  Sewer (visited)
    Orc: D:9-12

Altars:
Cheibriados
Dithmenos
Kikubaaqudgha
Okawaru
Trog
Uskayaw
Vehumet
Yredelemnul

Shops:
D:5 *


Innate Abilities, Weirdness & Mutations

You cannot wear boots.
Your serpentine skin is tough. (AC +3)
You have supernaturally acute eyesight. (SInv)
Armour fits poorly on your strangely shaped body.
Your system is resistant to poisons. (rPois)
You cover ground very slowly.
You have a slow metabolism.
You can spit poison.
You are partially covered in slimy green scales. (AC +2)


Message History

A spiny frog comes into view.
The komodo dragon completely misses you.
Your spiny frog skeleton hits the komodo dragon!
Blink to where?
Press: ? - help, Dir - move target cursor, p - komodo dragon You are very lightly contaminated with residual magic.
As you read the scroll of blinking, it crumbles to dust.
Evoke which item? (* to show all) (? for menu, Esc to quit)
Okay, then.
You feel better.
Okay, then.
Okay, then.
Press: ? - help, Shift-Dir - straight line, f - spiny frog
Aim: a spiny frog (lightly wounded)
The splash of poison misses the spiny frog.
You feel slightly more hungry. The spiny frog stings you!
* * * LOW HITPOINT WARNING * * *
The spiny frog stings you!
You die...
Kikubaaqudgha rasps: "You have failed me!
Welcome... death!"

**,.............####F...#*
**,...........F....#..###*
*...........§§§§#..+..#,,*
*#..#########§§§#.....#*,*
#.#* #§Z§§...#.F#,,* ##.#
#§§§§#..#..#*,, #P.#
###§§§###....**,
*#.########P#§§§§......,*,
#....<÷.@F..§§§§§...,,,,,
#).=...........§....,,,,,
##.#####.##.#####.#P*****
### ###### *##**


You could see a spiny frog.

Vanquished Creatures
  A hippogriff (D:7)
  An orc warrior (D:8)
  A sky beast (D:7)
  An ice beast (D:6)
  4 ogres
  A phantom (D:6)
  3 black bears (D:7)
  A centaur (D:5)
  3 crocodiles (Lair:1)
  7 bullfrogs
  A gnoll sergeant (D:5)
  4 scorpions
  5 electric eels (D:7)
  2 vampire bats (D:5)
  3 crimson imps
  3 bullfrog zombies
  2 orc priests (D:6)
  A gnoll shaman (D:4)
  A bullfrog skeleton (D:5)
  3 hounds
  2 iguanas (D:7)
  4 worker ants
  A hound zombie (D:6)
  A hound skeleton (D:7)
  A howler monkey zombie (D:7)
  12 gnolls
  A howler monkey skeleton (D:4)
  13 adders
  4 river rats
  3 shadow imps
  An ooze (D:5)
  An adder zombie (D:8)
  3 worms
  A dart slug (D:2)
  2 leopard geckos
  13 orcs
  15 ball pythons
  16 bats
  6 giant cockroaches
  11 goblins
  4 hobgoblins
  9 jackals
  7 kobolds
  7 quokkas
  4 frilled lizards
  A leopard gecko skeleton (D:2)
  2 leopard gecko zombies (D:7)
  2 quokka skeletons
  34 rats
  A spectral orc (D:2)
230 creatures vanquished.

Vanquished Creatures (others)
  2 electric eels (D:7)
  A worm (D:3)
  4 toadstools (D:1)
7 creatures vanquished.

Grand Total: 237 creatures vanquished

Notes
Turn   | Place    | Note
-------+----------+-------------------------------------------
     0 | D:1      | Bronimir the Naga Venom Mage began the quest for the Orb.
     0 | D:1      | Reached XP level 1. HP: 15/15 MP: 3/3
   254 | D:1      | You fall into a shaft and drop 1 floor!
   317 | D:1      | Reached XP level 2. HP: 19/22 MP: 5/5
   984 | D:2      | Found a faded altar of an unknown god.
   997 | D:2      | Reached XP level 3. HP: 15/28 MP: 1/6
  1431 | D:2      | Learned a level 2 spell: Poisonous Vapours
  1435 | D:2      | Learned a level 3 spell: Mephitic Cloud
  1804 | D:2      | Found a basalt altar of Yredelemnul.
  2013 | D:2      | Reached XP level 4. HP: 23/36 MP: 2/7
  2674 | D:3      | Reached skill level 1 in Armour
  2678 | D:3      | Reached skill level 1 in Staves
  2956 | D:3      | Found a glowing drain.
  2980 | D:3      | Reached XP level 5. HP: 35/43 MP: 4/8
  2995 | D:3      | Gained mutation: You are agile. (Dex +2) [potion of
                  | mutation]
  2995 | D:3      | Gained mutation: You can exhale a cloud of poison. [potion
                  | of mutation]
  2995 | D:3      | Gained mutation: You possess an exceptional clarity of
                  | mind. [potion of mutation]
  3048 | Sewer    | Entered a sewer
  3236 | Sewer    | Reached skill level 5 in Poison Magic
  3965 | Sewer    | Reached XP level 6. HP: 30/50 MP: 2/10
  3977 | Sewer    | Reached skill level 1 in Polearms
  4770 | D:3      | You fall into a shaft and drop 3 floors!
  4796 | D:6      | Reached skill level 1 in Fighting
  4796 | D:6      | Reached XP level 7. HP: 7/57 MP: 10/12
  5368 | D:6      | Reached skill level 6 in Poison Magic
  5947 | D:6      | Learned a level 4 spell: Olgreb's Toxic Radiance
  6132 | D:6      | Found a snail-covered altar of Cheibriados.
  6208 | D:6      | Reached XP level 8. HP: 64/64 MP: 6/13
  6379 | D:5      | Entered Level 5 of the Dungeon
  6411 | D:4      | Found an iron altar of Okawaru.
  6745 | D:4      | Found a radiant altar of Vehumet.
  6848 | D:4      | Found an ancient bone altar of Kikubaaqudgha.
  6900 | D:4      | Reached skill level 1 in Evocations
  7767 | D:5      | Reached skill level 1 in Slings
  8660 | D:5      | Found Nizikla's General Store.
  8709 | D:5      | Bought a potion of degeneration for 14 gold pieces
  8867 | D:4      | Became a worshipper of Kikubaaqudgha
  9017 | D:6      | Reached XP level 9. HP: 65/73 MP: 15/15
  9150 | D:6      | Reached skill level 7 in Poison Magic
  9157 | D:6      | Reached skill level 1 in Bows
  9445 | D:7      | Found a shadowy altar of Dithmenos.
  9992 | D:7      | Found a staircase to the Ecumenical Temple.
 10329 | D:7      | Found a bloodstained altar of Trog.
 10685 | D:7      | Reached * piety under Kikubaaqudgha
 10685 | D:7      | Identified Kikubaaqudgha's Collected Works on Stolen Souls
                  | (Kikubaaqudgha gifted it to you on level 7 of the Dungeon)
 10685 | D:7      | Received a gift from Kikubaaqudgha
 10691 | D:7      | Learned a level 1 spell: Pain
 10693 | D:7      | Learned a level 1 spell: Animate Skeleton
 10697 | D:7      | Learned a level 3 spell: Regeneration
 10699 | D:7      | Learned a level 1 spell: Confusing Touch
 11086 | D:7      | Reached skill level 1 in Hexes
 11495 | D:8      | Found a staircase to the Lair.
 11536 | Lair:1   | Entered Level 1 of the Lair of Beasts
 12069 | D:8      | Found a hide-covered altar of Uskayaw.
 12840 | Lair:1   | Reached XP level 10. HP: 81/81 MP: 11/16
 12900 | Lair:1   | Noticed a spiny frog
 12914 | Lair:1   | Noticed a spiny frog
 12916 | Lair:1   | Reached skill level 1 in Necromancy
 12922 | Lair:1   | HP: 4/81 [spiny frog (14)]
 12924 | Lair:1   | Lost mutation: You possess an exceptional clarity of mind.
                  | [potion of mutation]
 12924 | Lair:1   | Lost mutation: You are agile. (Dex +2) [potion of mutation]
 12924 | Lair:1   | Gained mutation: You are partially covered in slimy green
                  | scales. (AC +2) [potion of mutation]
 12924 | Lair:1   | Gained mutation: You are dopey. (Int -2) [potion of
                  | mutation]
 12924 | Lair:1   | Lost mutation: You can exhale a cloud of poison. [potion of
                  | mutation]
 12924 | Lair:1   | Lost mutation: You are dopey. (Int -2) [potion of mutation]
 12934 | Lair:1   | Noticed a spiny frog
 12941 | Lair:1   | Slain by a spiny frog

Levels and vault maps discovered:
D:1:      ldierk_water_garden, layout_loops_ring, serial_forest,
          infiniplex_forest_clump_long, infiniplex_forest_clump_large,
          infiniplex_forest_side_room, infiniplex_forest_lined_ring,
          infiniplex_forest_clump_medium, infiniplex_forest_straight_3,
          infiniplex_forest_lined_4_way, infiniplex_forest_straight_2,
          st_stairs_6
D:2:      layout_loops_cross, yredelemnul_forgotten_temple_becter,
          chequers_ecumenical_altar_simple, grunt_ministairs_3,
          kennysheep_cross_room
D:3:      layout_loops_ring, portal_sewer_entry_c, minmay_joined_circles
D:4:      layout_loops_ring, lemuel_doored_altar, okawaru_ov_weapons_minmay,
          kennysheep_mini, first_ration
D:5:      layout_cave_pods, serial_shops, shop, roderic_batcave
D:6:      layout_basic, nicolae_overflow_crystal_walls
D:7:      layout_loops_cross, trog_ov_bears_minmay,
          minmay_temple_entry_glassed_door, serial_bayou, serial_bayou_crossing,
          serial_bayou_pond_e, serial_bayou_lagoon_b, serial_bayou_pond_a,
          grunt_dithmenos_smoke_and_mirrors
D:8:      layout_loops_ring, eat_drink_and_be_merry_uskayaw, lair_entry_dummy
D:9:      minmay_the_grid_square_5x5_4x4
          [minmay_the_grid_square_5x5_spiral_small,
          minmay_the_grid_square_5x5_two_walls_b,
          minmay_the_grid_square_5x5_minibox,
          minmay_the_grid_square_5x5_doubleslash,
          minmay_the_grid_square_5x5_sharp_hourglass,
          minmay_the_grid_square_5x5_prize_open,
          minmay_the_grid_square_5x5_prize_rear_guard,
          minmay_the_grid_square_5x5_spiral, minmay_the_grid_square_5x5_inner_i,
          minmay_the_grid_square_5x5_prize_deathbox,
          minmay_the_grid_square_5x5_prize_pseudospiral,
          minmay_the_grid_square_5x5_slash, minmay_the_grid_square_5x5_moneybag,
          minmay_the_grid_square_5x5_percent, minmay_the_grid_square_5x5_mess,
          minmay_the_grid_square_5x5_misaligned], layout_gridville,
          hangedman_ru_absence, uniq_maurice
Lair:1:   layout_chaotic_city, beast_lair_carwin_11,
          infiniplex_staircase_pool_2, serial_bayou_shore_a, grunt_megastairs_1

Skill      XL: |  1  2  3  4  5  6  7  8  9 10 |
---------------+-------------------------------+-----
Dodging        | 2 3 |  3.1
Armour         | 1 2 3 4 |  4.1
Staves         | 1 2 3 |  3.0
Poison Magic   | 5 6 7 |  7.6
Conjurations   | 2 3 4 |  4.3
Spellcasting   | 3 4 |  4.5
Polearms       | 1 2 4 |  4.9
Fighting       | 1 2 |  2.6
Evocations     | 2 4 |  4.4
Slings         | 1 |  1.0
Bows           | 3 |  3.2
Hexes          | 1 |  1.3
Necromancy     | 1 |  1.6
Stealth        | |  3.1

Action                   |  1- 3 |  4- 6 |  7- 9 | 10-12 || total
-------------------------+-------+-------+-------+-------++-------
Melee: Dagger            |    48 |       |       |       ||    48
       Unarmed           |     1 |       |       |       ||     1
       Quarterstaff      |    23 |    31 |   172 |     7 ||   233
       Spear             |       |   152 |    48 |       ||   200
       Halberd           |       |       |    68 |       ||    68
       Trident           |       |       |   100 |       ||   100
 Fire: Hunting sling     |    15 |    55 |     6 |       ||    76
       Shortbow          |       |       |   102 |       ||   102
Throw: Dart              |     6 |       |       |       ||     6
 Cast: Sting             |    24 |     8 |    29 |     1 ||    62
       Poisonous Vapours |     2 |     9 |    23 |       ||    34
       Mephitic Cloud    |     1 |     8 |    21 |     1 ||    31
       Olgreb's Toxic Ra |       |       |    12 |     1 ||    13
       Pain              |       |       |     2 |     2 ||     4
       Regeneration      |       |       |     1 |       ||     1
       Animate Skeleton  |       |       |       |     1 ||     1
Invok: Receive Corpses   |       |       |       |     1 ||     1
 Abil: Spit Poison       |    13 |     5 |       |     1 ||    19
       Breathe Poison Ga |       |     3 |     5 |     3 ||    11
Evoke: Wand              |       |       |     4 |     3 ||     7
  Use: Scroll            |     5 |       |    11 |     4 ||    20
       Potion            |     2 |     8 |     2 |     3 ||    15
 Stab: Sleeping          |     3 |     1 |     5 |       ||     9
       Confused          |       |     5 |     8 |       ||    13
       Distracted        |       |     1 |     1 |       ||     2
  Eat: Chunk             |     3 |    10 |    21 |     2 ||    36
       Ration            |       |       |     2 |       ||     2
Armor: Leather armour    |    34 |    65 |   165 |       ||   264
       Robe              |     1 |       |    88 |     6 ||    95
Dodge: Dodged            |   110 |   167 |   304 |    21 ||   602
